 Dungeon Crawl Stone Soup version 0.31.0-32-g396128a36d (webtiles) character file.

Game seed: 18010752902146665882

40 NotreDorf the Magician (level 3, -1/25 HPs)
             Began as a Djinni Fire Elementalist on Mar 30, 2024.
             Slain by a ball python (2 damage)
             ... on level 2 of the Dungeon.
             The game lasted 00:04:51 (1384 turns).

NotreDorf the Magician (Djinni Fire Elementalist)   Turns: 1384, Time: 00:04:54

Health: -1/25      AC:  2    Str:  7    XL:     3   Next: 72%
Gold:   105        EV: 13    Int: 18    God:
                   SH:  0    Dex: 13

rFire   + + .        b - +0 war axe
rCold   x . .        (no shield)
rNeg    . . .        a - +0 robe
rPois   ∞            (no helmet)
rElec   .            (no cloak)
rCorr   .            (no gloves)
SInv    .            (boots unavailable)
Will    .....        (no amulet)
Stlth   ++           (no ring)
HPRegen 0.24/turn    (no ring)
MPRegen 0.00/turn

%: infuse magic (-2 HP)
@: flying
A: sickness immunity, fire resistance 2, cold vulnerability 1, float, innate
caster, HP casting, extra vitality 1
a: no special abilities


You were on level 2 of the Dungeon.
You visited 1 branch of the dungeon, and saw 2 of its levels.

You collected 105 gold pieces.

Inventory:

Hand Weapons
 b - a +0 war axe (weapon)
Armour
 a - a +0 robe (worn)
Jewellery
 k - a ring of positive energy
Scrolls
 c - 2 scrolls of revelation {unknown}
 d - 2 scrolls of fog {unknown}
 f - 2 scrolls of amnesia {unknown}
 h - a scroll of identify {unknown}
 i - a scroll of vulnerability {unknown}
 l - 2 scrolls of enchant weapon {unknown}
Potions
 e - a potion of attraction {unknown}
 g - 2 potions of curing {unknown}
 j - a potion of might {unknown}


   Skills:
 + Level 3.2 Dodging
 - Level 1.8 Stealth
 + Level 3.5 Spellcasting
 + Level 3.5 Conjurations
 + Level 3.5 Hexes
   Level 0.0 Charms
 + Level 3.5 Summonings
 + Level 3.5 Necromancy
 + Level 3.5 Translocations
   Level 0.0 Transmutations
 + Level 3.5 Fire Magic
 + Level 3.5 Ice Magic
 + Level 3.5 Air Magic
 + Level 3.5 Earth Magic
 + Level 3.5 Alchemy


You knew the following spells:

 Your Spells              Type           Power      Damage    Failure   Level
a - Foxfire               Conj/Fire      60%        2x1d7     3%          1
b - Scorch                Fire           30%        2d6       5%          2
c - Volatile Blastmotes   Fire/Tloc      30%        2d12      11%         3
d - Inner Flame           Hex/Fire       15%        N/A       11%         3
e - Flame Wave            Conj/Fire      15%        2d7       36%         4
f - Slow                  Hex            60%        N/A       3%          1
Your spell library was empty.

Dungeon Overview and Level Annotations

Branches:
Dungeon (2/15)

Altars:

Annotations:
D:2 1 runed translucent door, Crazy Yiuf


Innate Abilities, Weirdness & Mutations

You are immune to sickness and miasma.
You are immune to poison.
Your flesh is very heat resistant. (rF++)
You are vulnerable to cold. (rC-)
You float through the air rather than walking.
You learn spells naturally, not from books.
Your magical power is your life essence.
You have superior vitality. (+4 MHP)


Message History

The ball python bites you. The ball python constricts you.
The ball python bites you. The ball python constricts you.
The ball python bites you but does no damage.
The adder bites you.
You hear an angry hiss.
You escape the ball python's grasp.
A ball python comes into view.
The ball python attacks as it pursues you!
The ball python barely misses you. The ball python grabs you.
The ball python constricts you.
Casting: Foxfire (safe; 3% risk of failure)
Confirm with . or Enter, or press ? or * to list all spells.
You conjure some foxfire!
The ball python loses its grip on you.
The foxfire hits the adder.
The adder is moderately wounded.
The foxfire hits the adder.
The adder is severely wounded.
The adder bites you.
Your magical contamination has completely faded away.
Casting: Foxfire (safe; 3% risk of failure)
Confirm with . or Enter, or press ? or * to list all spells.
You conjure some foxfire!
The adder bites you.
* * * LOW HITPOINT WARNING * * *
The foxfire hits the adder.
You kill the adder!
The ball python bites you.
* * * LOW HITPOINT WARNING * * *
The ball python completely misses you. The ball python barely misses you.
The ball python misses you. The ball python bites you.
* * * LOW HITPOINT WARNING * * *
The ball python closely misses you.
Your foxfire dissipates!
Casting: Foxfire (safe; 3% risk of failure)
Confirm with . or Enter, or press ? or * to list all spells.
You conjure some foxfire!
* * * LOW HITPOINT WARNING * * *
The ball python bites you but does no damage.
The ball python completely misses you. The ball python bites you.
You die...

#################
................#
###.............# #.............#
#.....)..(....# ##....÷.......##
####.............##
..##...........v.v###
#.##............@S..#
#.......####..#.#S#.#####
#############...#S#.....#########
#.........###.###.###.#..........
..†...........#.....#....:.......
#.#...###...###.###.###..........
..'...'.....#$.† S.$#.<........
.##...#####.### ###..........
.####### #...# #...#########


You could see 3 ball pythons.

Vanquished Creatures
  An adder (D:2)
  7 ball pythons
  4 endoplasms
  2 giant cockroaches (D:2)
  6 hobgoblins (D:2)
  3 kobolds
  A bat (D:2)
  A frilled lizard (D:1)
  4 rats
29 creatures vanquished.

Vanquished Creatures (others)
  57 foxfires
57 creatures vanquished.

Grand Total: 86 creatures vanquished

Notes
Turn   | Place    | Note
-------+----------+-------------------------------------------
     0 | D:1      | NotreDorf the Djinni Fire Elementalist began the quest for
                  | the Orb.
     0 | D:1      | NotreDorf set off with the following spells memorised:
                  | Foxfire, Scorch, Volatile Blastmotes, Inner Flame, Flame
                  | Wave.
     0 | D:1      | Reached XP level 1. HP: 15/15 MP: 0/0
   404 | D:1      | Reached XP level 2. HP: 19/21 MP: 0/0
   775 | D:2      | Found a faded altar of an unknown god.
   900 | D:2      | Found a runed translucent door.
   901 | D:2      | Noticed Crazy Yiuf
  1032 | D:2      | Reached XP level 3. HP: 24/25 MP: 0/0
  1032 | D:2      | Learned a level 1 spell: Slow
  1384 | D:2      | Slain by a ball python

Illustrated notes

Levels and vault maps discovered:
D:1:      mrwooster_arrival_statue_2, layout_basic, minmay_liquid_box
D:2:      layout_basic, hellmonk_ecumenical_altar_zigzags, minmay_quantized,
          uniq_crazy_yiuf_cottage

Skill      XL: |  1  2  3 |
---------------+----------+-----
Dodging        | 3 |  3.2
Stealth        | |  1.8
Spellcasting   | |  3.5
Conjurations   | |  3.5
Hexes          | |  3.5
Summonings     | |  3.5
Necromancy     | |  3.5
Translocations | |  3.5
Fire Magic     | |  3.5
Ice Magic      | |  3.5
Air Magic      | |  3.5
Earth Magic    | |  3.5
Alchemy        | |  3.5

Action                     || total
---------------------------++-------
  Melee: War axe           ||     8
   Cast: Foxfire           ||    34
 Armour: Robe              ||    20
  Dodge: Dodged            ||    19
